 Dungeon Crawl Stone Soup version 0.30-a0-310-g7d6cbdfea6 (webtiles) character file.

Game seed: 1924674130257964111

99023 purpskrrrp the Skirmisher (level 16, -3/125 HPs)
             Began as a Gnoll Hunter on Oct 24, 2022.
             Was an Initiate of Gozag.
             Slain by a death yak (6 damage)
             ... while petrified
             ... on level 5 of the Lair of Beasts.
             The game lasted 00:47:39 (18208 turns).

purpskrrrp the Skirmisher (Gnoll Hunter)           Turns: 18208, Time: 00:47:40

Health: -3/125     AC:  7    Str: 11    XL:     16   Next: 23%
Magic:  30/30      EV:  2    Int:  3    God:    Gozag
Gold:   1332       SH:  0    Dex: 43    Spells: 31/35 levels left

rFire   + + .      SeeInvis .    c - +9 sling of Context {freeze, Fly rN+++ Int-3 Dex+4}
rCold   + . .      Faith    .    (no shield)
rNeg    + + +      Spirit   .    o - +2 robe {rC+ rF+}
rPois   ∞          Reflect  +    (no helmet)
rElec   .          Harm     .    V - +0 cloak {rF+}
rCorr   .          Rampage  .    G - +1 pair of gloves "Fuph" {Regen+ Int-4 Dex+5}
Will    +....                    (no boots)
Stlth   ++++++....               v - amulet of reflection
HPRegen 1.20/turn                Q - +6 ring of dexterity
MPRegen 0.22/turn                w - +6 ring of dexterity

@: petrified, gold aura, flying
A: fangs 1, strong nose, distributed training, deformed body, inability to drink
after injury 1
a: Renounce Religion, Potion Petition, Call Merchant, Bribe Branch


You were on level 5 of the Lair of Beasts.
You worshipped Gozag.
Gozag was most pleased with you.
You visited 3 branches of the dungeon, and saw 19 of its levels.
You also visited: Volcano.

You collected 5236 gold pieces.
You spent 1128 gold pieces at shops.
You paid 2776 gold pieces to Gozag.

Inventory:

Hand Weapons
 a - a +4 shortbow of flaming
 c - the +9 sling of Context (weapon) {freeze, Fly rN+++ Int-3 Dex+4}
   (You bought it in a shop on level 3 of the Lair of Beasts)

   Any ammunition fired from it freezes those it strikes, dealing additional
   cold damage.
   It can also slow down cold-blooded creatures.
   Int:       It affects your intelligence (-3).
   Dex:       It affects your dexterity (+4).
   rN:        It renders you almost immune to negative energy.
   Fly:       It grants you flight.
 g - a +4 vampiric dagger
 h - the +8 dagger "Fiafeos" {freeze, Contam rElec Str+2}
   (You bought it in a shop on level 3 of the Lair of Beasts)

   It freezes those it strikes, dealing additional cold damage.
   It can also slow down cold-blooded creatures.
   Str:       It affects your strength (+2).
   rElec:     It insulates you from electricity.
   Contam:    It causes magical contamination when unequipped.
 Y - a +2 hand crossbow of flaming
Missiles
 y - 3 throwing nets
Armour
 m - a +1 tower shield
 o - a +2 robe of resistance (worn)
 G - the +1 pair of gloves "Fuph" (worn) {Regen+ Int-4 Dex+5}
   (You found it on level 9 of the Dungeon)

   Int:       It affects your intelligence (-4).
   Dex:       It affects your dexterity (+5).
   Regen:     It increases your rate of health regeneration.
 V - a +0 cloak of fire resistance (worn)
Magical Staves
 p - a staff of earth
Jewellery
 k - an amulet of the acrobat
 v - an amulet of reflection (around neck)
 w - a +6 ring of dexterity (right hand)
 A - a +4 ring of protection
 Q - a +6 ring of dexterity (left hand)
 S - a +4 ring of protection
Wands
 t - a wand of charming (22)
 B - a wand of flame (38)
 H - a wand of quicksilver (12)
 M - a wand of roots (13)
 O - a wand of mindburst (7)
Scrolls
 b - 2 scrolls of immolation
 e - 2 scrolls of teleportation
 l - a scroll of summoning
 n - 4 scrolls of amnesia
 u - 4 scrolls of magic mapping
 F - 2 scrolls of butterflies
 J - a scroll of blinking
 L - 2 scrolls of fear
 R - 3 scrolls of enchant armour
Potions
 d - 8 potions of curing
 f - 4 potions of brilliance
 i - 5 potions of magic
 j - 3 potions of flight
 r - 7 potions of haste
 x - a potion of invisibility
 z - 2 potions of cancellation
 C - a potion of might
 D - 5 potions of heal wounds
 P - 2 potions of ambrosia
 U - a potion of resistance {unknown}
 W - 3 potions of mutation


   Skills:
 + Level 11.2 Fighting
 + Level 10.3 Short Blades
 + Level 10.3 Long Blades
 + Level 10.3 Axes
 + Level 10.3 Maces & Flails
 + Level 10.3 Polearms
 + Level 10.3 Staves
 + Level 13.1 Ranged Weapons
 + Level 10.3 Throwing
 + Level 10.3 Armour
 + Level 11.2 Dodging
 + Level 10.6 Stealth
 + Level 10.3 Shields
 + Level 10.3 Unarmed Combat
 + Level 10.3 Spellcasting
 + Level 8.6 Conjurations
 + Level 8.6 Hexes
 + Level 8.6 Summonings
 + Level 8.6 Necromancy
 + Level 8.6 Translocations
 + Level 8.6 Transmutations
 + Level 8.6 Fire Magic
 + Level 8.6 Ice Magic
 + Level 8.6 Air Magic
 + Level 8.6 Earth Magic
 + Level 8.6 Poison Magic
 + Level 11.2 Invocations
 + Level 10.3 Evocations


You had 31 spell levels left.
You knew the following spells:

 Your Spells              Type           Power      Damage    Failure   Level
a - Summon Small Mammal   Summ           24%        N/A       1%          1
b - Summon Guardian Gole  Hex/Summ       6%         N/A       1%          3

Your spell library contained the following spells:

 Spells                   Type           Power      Damage    Failure   Level
 Apportation              Tloc           12%        N/A       1%          1
 Foxfire                  Conj/Fire      24%        2x1d5     1%          1
 Freeze                   Ice            24%        1d4       1%          1
 Call Canine Familiar     Summ           6%         N/A       1%          3
 Frozen Ramparts          Ice            12%        1d2       1%          3
 Hailstorm                Conj/Ice       6%         3d4       1%          3
 Ignite Poison            Fire/Tmut/Pois 6%         N/A       1%          3
 Portal Projectile        Hex/Tloc       12%        N/A       1%          3
 Tukima's Dance           Hex            6%         N/A       1%          3
 Flame Wave               Conj/Fire      6%         2d5       6%          4
 Petrify                  Tmut/Erth      6%         N/A       6%          4
 Alistair's Intoxication  Tmut/Pois      4%         N/A       17%         5
 Blade Hands              Tmut           3%         N/A       17%         5
 Borgnjor's Vile Clutch   Necr/Erth      3%         N/A       17%         5
 Metabolic Englaciation   Hex/Ice        3%         N/A       17%         5
 Eringya's Noxious Bog    Tmut/Pois      3%         N/A       67%         6
 Statue Form              Tmut/Erth      4%         N/A       67%         6
 Simulacrum               Ice/Necr       Unusable   N/A       N/A         6

Dungeon Overview and Level Annotations

Branches:
Dungeon (13/15)            Temple (1/1) D:4            Lair (5/5) D:10
  Swamp (0/4) Lair:3       Spider (0/4) Lair:2        Slime (0/5) Lair:5
    Orc (0/2) D:12        Volcano (visited)
 Vaults: D:13-14

Altars:
Ashenzari
Cheibriados
Dithmenos
Elyvilon
Fedhas
Gozag
Hepliaklqana
Kikubaaqudgha
Makhleb
Nemelex Xobeh
Okawaru
Qazlal
Ru
Sif Muna
Trog
Uskayaw
Vehumet
Wu Jian
Xom
Yredelemnul
Zin
The Shining One

Shops:
D:3 *   D:4 (*=   D:12 ?(   Lair:3 (

Portals:
Trove: D:12 (give 5 scrolls of blinking)


Innate Abilities, Weirdness & Mutations

You have very sharp teeth.
Your uncanny sense of smell can sniff out nearby items.
Your experience applies equally to all skills.
Armour fits poorly on your strangely shaped body.
You occasionally lose the ability to drink potions when taking damage.


Message History

The catoblepas gores you.
You shoot a sling bullet. The sling bullet hits the catoblepas!
The sling bullet freezes the catoblepas.
The catoblepas is severely wounded.
You shoot a sling bullet. The sling bullet hits the catoblepas!
The sling bullet freezes the catoblepas!
The catoblepas is almost dead.
The catoblepas breathes a plume of calcifying dust at you.
The blast of calcifying dust hits you.
You shoot a sling bullet.
The sling bullet hits the catoblepas but does no damage.
The catoblepas is almost dead.
You are engulfed in calcifying dust.
The catoblepas gores you!!
You shoot a sling bullet. The sling bullet hits the catoblepas.
The sling bullet freezes the catoblepas.
You kill the catoblepas!
You are engulfed in calcifying dust.
You are slowing down.
You shoot a sling bullet. The sling bullet hits the death yak.
The sling bullet freezes the death yak.
The death yak is lightly wounded.
You are engulfed in calcifying dust.
Your limbs have turned to stone.
The death yak gores you but does no damage.
You have turned to stone.
You are engulfed in calcifying dust.
The death yak gores your guardian golem!
The death yak gores you! The death yak gores you. The death yak gores you!!
The death yak gores you! The death yak gores you! The death yak gores you!!
* * * LOW HITPOINT WARNING * * *
The death yak gores you!!
* * * LOW HITPOINT WARNING * * *
The death yak gores you!
* * * LOW HITPOINT WARNING * * *
The death yak gores you!!
* * * LOW HITPOINT WARNING * * *
The death yak gores you!
You die...
Your body crumbles into a pile of gold.

######## ######
##.P....########.P.P##
#.......##......@Y...## ###
##.....##P......YY9...##..###
##....##......#######Y......#
......#.....### ∆ ###$...##
.....##...### ∆ ÷..YP#
##..##..### ..÷..## #####..##
....#.# # #.P.# ∆ ....##.#
#..## ∆ ....# .#


You could see 4 death yaks and a friendly guardian golem (summoned).

Vanquished Creatures
  Josephine (D:11)
  A centaur warrior (D:12)
  7 hydras
  A two-headed ogre (D:9)
  A catoblepas (Lair:5)
  A death yak (Lair:5)
  A hell hog (Volcano)
  A fire crab (Volcano)
  A necromancer (D:9)
  An orc knight (D:11)
  2 ugly things (D:12)
  A cyclops (D:12)
  12 elephants
  A torpor snail (Lair:3)
  8 black mambas
  12 cane toads
  2 gargoyles
  A kobold demonologist (D:11)
  3 rime drakes
  8 komodo dragons
  A hornet (D:10)
  A tyrant leech (Lair:3)
  2 polar bears (Lair:5)
  3 trolls (D:12)
  6 dream sheep (Lair:3)
  19 blink frogs
  A slime creature (Lair:5)
  Sigmund (D:6)
  2 culicivoras (Lair:2)
  6 wraiths
  2 shadows (D:9)
  Eustachio (D:6)
  A vampire (D:10)
  9 wyverns
  3 fire bats (Volcano)
  42 yaks
  3 basilisks
  2 steam dragons
  5 vampire mosquitoes
  Edmund (D:6)
  4 swamp worms (Lair:3)
  2 acid dragons
  24 water moccasins
  2 hell hounds (Volcano)
  2 ice beasts
  4 black bears
  A sky beast (D:8)
  The ghost of McGhostyFace the Covert, an amateur GnDe (D:6)
  10 orc warriors
  17 wolves
  5 centaurs
  An ogre (D:5)
  A phantom (D:7)
  2 kobold brigands
  8 bullfrogs
  A gnoll sergeant (D:12)
  2 scorpions (D:3)
  A necrophage (D:6)
  8 wights
  24 killer bees
  4 howler monkeys
  16 electric eels
  A gnoll bouda (D:6)
  6 orc priests
  3 hounds
  6 jellies
  5 iguanas
  Terence (D:3)
  8 orc wizards
  6 hell rats (Lair:5)
  A polar bear simulacrum (D:9)
  3 yak simulacra (D:9)
  4 wolf simulacra (D:9)
  9 gnolls
  13 adders
  A shadow imp (D:6)
  3 white imps
  3 ufetubi
  A worm (D:3)
  2 dart slugs
  52 orcs
  5 bats
  5 endoplasms
  3 giant cockroaches
  4 goblins
  18 hobgoblins
  13 kobolds
  3 quokkas
  12 ball pythons
  9 frilled lizards
  9 rats
  3 river rat simulacra (D:9)
529 creatures vanquished.

Vanquished Creatures (collateral kills)
  A bat (D:3)
1 creature vanquished.

Vanquished Creatures (others)
  32 fungi
  50 plants
82 creatures vanquished.

Grand Total: 612 creatures vanquished

Notes
Turn   | Place    | Note
-------+----------+-------------------------------------------
     0 | D:1      | purpskrrrp the Gnoll Hunter began the quest for the Orb.
     0 | D:1      | Reached XP level 1. HP: 20/20 MP: 1/1
   104 | D:1      | Reached XP level 2. HP: 21/26 MP: 2/2
   752 | D:2      | Reached XP level 3. HP: 29/31 MP: 3/3
  1043 | D:2      | Reached skill level 1 in Invocations
  1276 | D:2      | Reached skill level 1 in Short Blades
  1276 | D:2      | Reached skill level 1 in Long Blades
  1276 | D:2      | Reached skill level 1 in Axes
  1276 | D:2      | Reached skill level 1 in Maces & Flails
  1276 | D:2      | Reached skill level 1 in Polearms
  1276 | D:2      | Reached skill level 1 in Staves
  1276 | D:2      | Reached skill level 1 in Throwing
  1276 | D:2      | Reached skill level 1 in Armour
  1276 | D:2      | Reached skill level 1 in Shields
  1276 | D:2      | Reached skill level 1 in Unarmed Combat
  1276 | D:2      | Reached skill level 1 in Spellcasting
  1276 | D:2      | Reached skill level 1 in Evocations
  1693 | D:3      | Reached XP level 4. HP: 38/38 MP: 5/5
  1712 | D:3      | Reached skill level 1 in Conjurations
  1712 | D:3      | Reached skill level 1 in Hexes
  1712 | D:3      | Reached skill level 1 in Summonings
  1712 | D:3      | Reached skill level 1 in Necromancy
  1712 | D:3      | Reached skill level 1 in Translocations
  1712 | D:3      | Reached skill level 1 in Transmutations
  1712 | D:3      | Reached skill level 1 in Fire Magic
  1712 | D:3      | Reached skill level 1 in Ice Magic
  1712 | D:3      | Reached skill level 1 in Air Magic
  1712 | D:3      | Reached skill level 1 in Earth Magic
  1712 | D:3      | Reached skill level 1 in Poison Magic
  1797 | D:3      | Learned a level 1 spell: Summon Small Mammal
  1827 | D:3      | Found an ornate altar of the Wu Jian Council.
  1838 | D:3      | Noticed a scorpion
  1844 | D:3      | Killed a scorpion
  1845 | D:3      | Reached XP level 5. HP: 43/43 MP: 4/7
  1879 | D:3      | Noticed Terence
  2006 | D:3      | Killed Terence
  2321 | D:3      | Found Duoxio Qial's General Store.
  2329 | D:3      | Bought a scroll of enchant weapon for 90 gold pieces
  2455 | D:3      | Reached XP level 6. HP: 50/50 MP: 8/8
  2861 | D:4      | Found Beazuech's Assorted Antiques.
  2925 | D:4      | Found Luho Neu's Jewellery Shop.
  2991 | D:4      | Reached skill level 5 in Fighting
  2991 | D:4      | Reached skill level 5 in Dodging
  3067 | D:4      | Found a bloodstained altar of Trog.
  3221 | D:4      | Found Siemp's Antique Weapon Shop.
  3249 | D:4      | Found a staircase to the Ecumenical Temple.
  3626 | D:4      | Found a broken altar of Ashenzari.
  3627 | D:4      | Found a basalt altar of Yredelemnul.
  3953 | Temple   | Entered the Ecumenical Temple
  4003 | Temple   | Became a worshipper of Gozag Ym Sagoz the Greedy
  4035 | D:5      | Entered Level 5 of the Dungeon
  4035 | D:5      | Noticed a water moccasin
  4201 | D:5      | Noticed a water moccasin
  4216 | D:5      | Killed a water moccasin
  4217 | D:5      | Reached XP level 7. HP: 23/56 MP: 10/10
  4443 | D:5      | Reached skill level 9 in Ranged Weapons
  4766 | D:5      | Reached XP level 8. HP: 63/63 MP: 12/12
  5052 | D:4      | Bought a brass ring for 110 gold pieces
  5683 | D:6      | Found a runed translucent door.
  5739 | D:6      | Noticed Eustachio
  5758 | D:6      | Killed Eustachio
  5797 | D:6      | Noticed Sigmund
  5798 | D:6      | Reached XP level 9. HP: 61/69 MP: 14/14
  5867 | D:6      | Killed Sigmund
  5974 | D:6      | Noticed Edmund
  5988 | D:6      | Killed Edmund
  6309 | D:6      | Noticed McGhostyFace's ghost (amateur GnDe)
  6333 | D:6      | Killed McGhostyFace's ghost
  6454 | D:7      | Reached skill level 5 in Stealth
  6962 | D:7      | Reached skill level 5 in Invocations
  8182 | D:8      | Reached skill level 5 in Short Blades
  8182 | D:8      | Reached skill level 5 in Long Blades
  8182 | D:8      | Reached skill level 5 in Axes
  8182 | D:8      | Reached skill level 5 in Maces & Flails
  8182 | D:8      | Reached skill level 5 in Polearms
  8182 | D:8      | Reached skill level 5 in Staves
  8182 | D:8      | Reached skill level 5 in Throwing
  8182 | D:8      | Reached skill level 5 in Armour
  8182 | D:8      | Reached skill level 5 in Shields
  8182 | D:8      | Reached skill level 5 in Unarmed Combat
  8182 | D:8      | Reached skill level 5 in Spellcasting
  8182 | D:8      | Reached skill level 5 in Evocations
  8182 | D:8      | Reached XP level 10. HP: 77/77 MP: 17/17
  8245 | D:8      | Reached skill level 10 in Ranged Weapons
  8874 | D:8      | Found a blossoming altar of Fedhas.
  8945 | D:8      | Found a shadowy altar of Dithmenos.
  9392 | D:4      | Bought a +6 ring of dexterity for 432 gold pieces
  9569 | D:9      | Noticed a gargoyle
  9573 | D:9      | Killed a gargoyle
  9678 | D:9      | Noticed a two-headed ogre
  9685 | D:9      | Killed a two-headed ogre
  9719 | D:9      | Identified the +1 pair of gloves "Fuph" {Regen+ Int-4
                  | Dex+5}
 10099 | D:9      | Noticed a necromancer
 10107 | D:9      | Killed a necromancer
 10108 | D:9      | Reached skill level 5 in Conjurations
 10108 | D:9      | Reached skill level 5 in Hexes
 10108 | D:9      | Reached skill level 5 in Summonings
 10108 | D:9      | Reached skill level 5 in Necromancy
 10108 | D:9      | Reached skill level 5 in Translocations
 10108 | D:9      | Reached skill level 5 in Transmutations
 10108 | D:9      | Reached skill level 5 in Fire Magic
 10108 | D:9      | Reached skill level 5 in Ice Magic
 10108 | D:9      | Reached skill level 5 in Air Magic
 10108 | D:9      | Reached skill level 5 in Earth Magic
 10108 | D:9      | Reached skill level 5 in Poison Magic
 10108 | D:9      | Reached XP level 11. HP: 83/85 MP: 20/20
 10225 | D:10     | Entered Level 10 of the Dungeon
 10542 | D:10     | Found a staircase to the Lair.
 10735 | D:10     | Found an iron altar of Okawaru.
 10846 | D:11     | Got the Meditations on Heated Shadows
 10967 | D:11     | Noticed Josephine
 10978 | D:11     | Killed Josephine
 11439 | D:11     | Noticed a sixfirhy
 11610 | D:11     | Reached skill level 11 in Ranged Weapons
 11629 | D:11     | Noticed an orc knight
 11638 | D:11     | Killed an orc knight
 11787 | D:12     | Found a portal to a secret trove of treasure.
 12039 | D:12     | Reached XP level 12. HP: 94/94 MP: 22/22
 12046 | D:12     | Noticed a centaur warrior
 12051 | D:12     | Killed a centaur warrior
 12131 | D:12     | Found a staircase to the Orcish Mines.
 12630 | D:12     | Gained mutation: You occasionally lose the ability to read
                  | scrolls when taking damage. [potion of mutation]
 12630 | D:12     | Gained mutation: You have a pair of small antennae on your
                  | head. [potion of mutation]
 12660 | D:13     | Noticed a boulder beetle
 12674 | D:12     | Bought a glowing shortbow for 186 gold pieces
 12715 | Lair:1   | Entered Level 1 of the Lair of Beasts
 13076 | Lair:1   | Identified the +0 robe of Nyidogit {Dex+2}
 13623 | Lair:1   | Lost mutation: You have a pair of small antennae on your
                  | head. [potion of mutation]
 13623 | Lair:1   | Lost mutation: You occasionally lose the ability to read
                  | scrolls when taking damage. [potion of mutation]
 13623 | Lair:1   | Gained mutation: You have hidden genetic defects. [potion
                  | of mutation]
 13800 | Lair:2   | Found a hole to the Spider Nest.
 13863 | Lair:2   | Reached XP level 13. HP: 91/101 MP: 25/25
 13962 | Lair:2   | Gained mutation: Armour fits poorly on your strangely
                  | shaped body. [hidden defects]
 14744 | Lair:3   | Gained mutation: You occasionally lose the ability to drink
                  | potions when taking damage. [hidden defects]
 14744 | Lair:3   | Lost mutation: You have hidden genetic defects. [hidden
                  | defects expressed]
 14757 | Lair:3   | Reached skill level 12 in Ranged Weapons
 14854 | Lair:3   | Found a dark tunnel.
 14859 | Volcano  | Entered a volcano
 15287 | Lair:3   | Reached skill level 10 in Fighting
 15287 | Lair:3   | Reached skill level 10 in Dodging
 15287 | Lair:3   | Reached XP level 14. HP: 110/110 MP: 25/27
 15288 | Lair:3   | Reached skill level 10 in Invocations
 15288 | Lair:3   | Reached XP level 15. HP: 117/117 MP: 25/28
 15825 | Lair:3   | Found a staircase to the Swamp.
 16020 | Lair:3   | Bought a faintly glowing sling for 149 gold pieces
 16020 | Lair:3   | Identified the +9 sling of Context {freeze, Fly rN+++ Int-3
                  | Dex+4} (You bought it in a shop on level 3 of the Lair of
                  | Beasts)
 16020 | Lair:3   | Bought a translucent dagger for 161 gold pieces
 16020 | Lair:3   | Identified the +8 dagger "Fiafeos" {freeze, Contam rElec
                  | Str+2} (You bought it in a shop on level 3 of the Lair of
                  | Beasts)
 16029 | Lair:3   | Learned a level 3 spell: Summon Guardian Golem
 16084 | Lair:4   | Reached skill level 10 in Stealth
 16531 | Lair:4   | Found the +8 whip "Snakebite" {venom, curare, rPois}
 16970 | Lair:5   | Entered Level 5 of the Lair of Beasts
 17097 | Lair:5   | Reached skill level 10 in Short Blades
 17097 | Lair:5   | Reached skill level 10 in Long Blades
 17097 | Lair:5   | Reached skill level 10 in Axes
 17097 | Lair:5   | Reached skill level 10 in Maces & Flails
 17097 | Lair:5   | Reached skill level 10 in Polearms
 17097 | Lair:5   | Reached skill level 10 in Staves
 17097 | Lair:5   | Reached skill level 10 in Throwing
 17097 | Lair:5   | Reached skill level 10 in Armour
 17097 | Lair:5   | Reached skill level 10 in Shields
 17097 | Lair:5   | Reached skill level 10 in Unarmed Combat
 17097 | Lair:5   | Reached skill level 10 in Spellcasting
 17097 | Lair:5   | Reached skill level 10 in Evocations
 17123 | Lair:5   | Reached XP level 16. HP: 115/125 MP: 30/30
 17144 | Lair:5   | Reached skill level 13 in Ranged Weapons
 17354 | Lair:5   | Found a staircase to the Slime Pits.
 18208 | Lair:5   | HP: 3/125 [death yak (10)]
 18208 | Lair:5   | Slain by a death yak

Illustrated notes

Levels and vault maps discovered:
D:1:      nicolae_arrival_memento_mori, layout_basic, serial_glass,
          glass_columns_a, glass_columns_b, glass_columns_a, glass_columns_c,
          glass_columns_b, glass_columns_c
D:2:      layout_basic
D:3:      layout_rooms, mainiacjoe_overflow_chevrons, serial_shops,
          nicolae_shop_hallway_stairs, kennysheep_decorative_pillar,
          kennysheep_donut, minmay_misc_feat_tiny, uniq_terence
D:4:      layout_basic, nicolae_overflow_hidden_temple,
          minmay_temple_entry_crystal_x, serial_shops, nicolae_shop_trees,
          nicolae_square_shop, nicolae_shop_advertising_works
          [nicolae_subvault_shop_adworks]
D:5:      layout_cave_pools, minmay_lizard_king
D:6:      layout_cave_pools, ebering_ghost_reflecting_pool,
          sigmund_edmund_badplayer, uniq_eustachio
D:7:      layout_cave_pools, serial_bayou, serial_bayou_lagoon_b,
          serial_bayou_ford_a, serial_bayou_pond_e, serial_bayou_shore_b,
          serial_bayou_lagoon_a
D:8:      layout_basic, grunt_dithmenos_smoke, fedhas_bush_and_centaur_altar
D:9:      layout_big_octagon, eino_house_with_fridge
D:10:     layout_rooms, okawaru_trees_2, grunt_lair_entry_orc_guard_hut
D:11:     cheibrodos_orc_bank, layout_rooms, minmay_misc_feat_alley,
          uniq_josephine
D:12:     layout_loops_ring, erik_orc_2, nicolae_trove_entry_free_sample
D:13:     layout_cave_pools, grunt_vaults_entry_tiered, uniq_maurice
Temple:   eino_wide_crystal_templ
Lair:1:   layout_regular_city, lemuel_fruit_tree, infiniplex_staircase_pool,
          grunt_megastairs_2, serial_bayou_shore_b
Lair:2:   layout_roguey, hellmonk_spider_entry_life_and_decay,
          serial_bayou_crossing
Lair:3:   layout_loops_ring, palyth_hydra_swamp_entry, enter_volcano_4
Lair:4:   minmay_guarded_unrand_snakebite, layout_misc_corridors,
          disabler_island
Lair:5:   grunt_lair_end_beastmaster, layout_cave_pods,
          minmay_slime_entry_pillars

Skill      XL: |  1  2  3  4  5  6  7  8  9 10 11 12 13 14 15 16 |
---------------+-------------------------------------------------+-----
Invocations    | 1 2 3 4 5 6 7 8 9 10 11 | 11.2
Short Blades   | 1 2 3 5 6 7 8 9 10 | 10.3
Long Blades    | 1 2 3 5 6 7 8 9 10 | 10.3
Axes           | 1 2 3 5 6 7 8 9 10 | 10.3
Maces & Flails | 1 2 3 5 6 7 8 9 10 | 10.3
Polearms       | 1 2 3 5 6 7 8 9 10 | 10.3
Staves         | 1 2 3 5 6 7 8 9 10 | 10.3
Throwing       | 1 2 3 5 6 7 8 9 10 | 10.3
Armour         | 1 2 3 5 6 7 8 9 10 | 10.3
Shields        | 1 2 3 5 6 7 8 9 10 | 10.3
Unarmed Combat | 1 2 3 5 6 7 8 9 10 | 10.3
Spellcasting   | 1 2 3 5 6 7 8 9 10 | 10.3
Evocations     | 1 2 3 5 6 7 8 9 10 | 10.3
Conjurations   | 1 2 3 4 5 6 7 8 |  8.6
Hexes          | 1 2 3 4 5 6 7 8 |  8.6
Summonings     | 1 2 3 4 5 6 7 8 |  8.6
Necromancy     | 1 2 3 4 5 6 7 8 |  8.6
Translocations | 1 2 3 4 5 6 7 8 |  8.6
Transmutations | 1 2 3 4 5 6 7 8 |  8.6
Fire Magic     | 1 2 3 4 5 6 7 8 |  8.6
Ice Magic      | 1 2 3 4 5 6 7 8 |  8.6
Air Magic      | 1 2 3 4 5 6 7 8 |  8.6
Earth Magic    | 1 2 3 4 5 6 7 8 |  8.6
Poison Magic   | 1 2 3 4 5 6 7 8 |  8.6
Stealth        | 3 4 5 6 7 8 9 10 | 10.6
Fighting       | 5 6 7 8 9 10 11 | 11.2
Dodging        | 5 6 7 8 9 10 11 | 11.2
Ranged Weapons | 9 10 11 12 13 | 13.1

Action                   |  1- 3 |  4- 6 |  7- 9 | 10-12 | 13-15 | 16-18 || total
-------------------------+-------+-------+-------+-------+-------+-------++-------
Melee: Shortbow          |       |       |     2 |       |       |       ||     2
       Bite              |       |       |     1 |       |       |       ||     1
 Fire: Shortbow          |    87 |   139 |   340 |   788 |   193 |       ||  1547
       Hand crossbow     |       |       |       |       |    76 |       ||    76
       Sling             |       |       |       |       |   186 |   202 ||   388
 Cast: Summon Small Mamm |       |     6 |       |       |       |       ||     6
       Summon Guardian G |       |       |       |       |     3 |     3 ||     6
Invok: Call Merchant     |       |       |       |     2 |     1 |       ||     3
  Use: Scroll            |     3 |    13 |    10 |    12 |     3 |     2 ||    43
       Potion            |       |       |       |     2 |     2 |       ||     4
Armor: Leather armour    |     1 |     7 |    18 |       |       |       ||    26
       Robe              |       |       |    15 |    59 |    21 |     8 ||   103
Dodge: Dodged            |     9 |    43 |   113 |   377 |   158 |    71 ||   771
Block: Other             |       |       |     3 |    79 |    43 |    23 ||   148
       Reflection        |       |       |       |     4 |       |       ||     4

Table legend: (Time is in decaauts)
 A = Elapsed time spent in this place.
 B = Non-inter-level travel time spent in this place.
 C = Inter-level travel time spent in this place.
 D = Time resting spent in this place.
 E = Time spent auto-exploring this place.
 F = Levels seen in this place.
 G = Mean time per level.
                   A        B        C        D        E       F      G
               +--------+--------+--------+--------+--------+-----+--------+
         Total |  18229 |  16716 |   1513 |   2035 |  11381 |  20 |  911.5 |
       Dungeon |  12758 |  11561 |   1197 |   1933 |   7543 |  13 |  981.4 |
        Temple |     61 |     51 |     10 |      0 |     33 |   1 |   61.0 |
          Lair |   5191 |   4886 |    305 |    101 |   3710 |   5 | 1038.2 |
       Volcano |    218 |    218 |      0 |      0 |     95 |   1 |  218.0 |
               +--------+--------+--------+--------+--------+-----+--------+

Top non-repeatable levels by time:
     D:4: 1825 daAuts
     D:7: 1765 daAuts
  Lair:3: 1250 daAuts
     D:8: 1192 daAuts
  Lair:5: 1173 daAuts
     D:3: 1171 daAuts
     D:6: 1020 daAuts
  Lair:2: 965 daAuts
    D:11: 952 daAuts
     D:2: 946 daAuts
     D:5: 929 daAuts
    D:12: 916 daAuts
  Lair:1: 909 daAuts
  Lair:4: 893 daAuts
     D:1: 714 daAuts
